 Dungeon Crawl Stone Soup version 0.27.1 (webtiles) character file.

Game seed: 650582595469105836

6473 Rickety the Blocker (level 11, -4/87 HPs)
             Began as a Gnoll Fighter on Sept 4, 2021.
             Was a Priest of Cheibriados.
             Slain by a vampire (11 damage)
             ... on level 9 of the Dungeon.
             The game lasted 00:20:19 (10063 turns).

Rickety the Blocker (Gnoll Fighter)                Turns: 10063, Time: 00:20:19

Health: -4/87      AC:  9    Str: 25    XL:     11   Next: 0%
Magic:  19/19      EV: 12    Int: 24    God:    Cheibriados [***...]
Gold:   288        SH:  0    Dex: 18    Spells: 21/21 levels left

rFire    + . .     SeeInvis .   t - +9 mace of Makhleb {vorpal, +Blink rF+ Int+2 Stlth-}
rCold    . . .     Faith    .   c - +0 kite shield
rNeg     . . .     Spirit   .   b - +0 scale mail
rPois    .         Reflect  +   (no helmet)
rElec    .         Harm     .   B - scarf {+Inv}
rCorr    .         Rampage  .   (no gloves)
Will     .....                  n - +0 pair of boots
Stlth    ..........             r - amulet of reflection
HPRegen  0.24/turn              f - ring of flight
MPRegen  0.16/turn              i - +6 ring of intelligence

@: confused, flying, very slow
A: fangs 1, strong nose, distributed training
a: Renounce Religion, Evoke Blink, Evoke Invisibility, Bend Time, Temporal
Distortion


You were on level 9 of the Dungeon.
You worshipped Cheibriados.
Cheibriados was most pleased with you.
You visited 2 branches of the dungeon, and saw 10 of its levels.

You collected 444 gold pieces.
You spent 156 gold pieces at shops.

Inventory:

Hand Weapons
 j - a +0 morningstar of flaming
 t - the +9 mace of Makhleb (weapon) {vorpal, +Blink rF+ Int+2 Stlth-}
   (You found it on level 7 of the Dungeon)

   It inflicts extra damage upon your enemies.
   Int:       It affects your intelligence (+2).
   rF:        It protects you from fire.
   +Blink:    It lets you blink.
   Stlth:     It makes you less stealthy.
Missiles
 w - 52 poisoned darts (quivered)
 x - 12 curare-tipped darts
Armour
 b - a +0 scale mail (worn)
 c - a +0 kite shield (worn)
 n - a +0 pair of boots (worn)
 B - a scarf of invisibility (worn)
 H - a +2 robe of fire resistance
Jewellery
 f - a ring of flight (left hand)
 i - a +6 ring of intelligence (right hand)
 m - a ring of protection from fire
 r - an amulet of reflection (around neck)
 y - a ring of resist corrosion
Wands
 g - a wand of digging (6)
 p - a wand of flame (61)
 z - a wand of polymorph (19)
Scrolls
 o - 6 scrolls of teleportation
 A - 11 scrolls of identify
 E - a scroll of fear
Potions
 a - 4 potions of flight
 d - 2 potions of might
 e - a potion of haste {unknown}
 l - a potion of ambrosia {unknown}
 s - a potion of brilliance {unknown}
 u - a potion of degeneration {unknown}
 v - 3 potions of curing
 D - a potion of berserk rage {unknown}
 F - a potion of invisibility {unknown}
 G - a potion of resistance {unknown}


   Skills:
 + Level 8.8 Fighting
 + Level 5.8 Short Blades
 + Level 5.8 Long Blades
 + Level 5.8 Axes
 + Level 7.5 Maces & Flails
 + Level 5.8 Polearms
 + Level 5.8 Staves
 + Level 5.8 Slings
 + Level 5.8 Bows
 + Level 5.8 Crossbows
 + Level 5.8 Throwing
 + Level 8.8 Armour
 + Level 5.8 Dodging
 + Level 5.8 Stealth
 + Level 8.8 Shields
 + Level 5.8 Unarmed Combat
 + Level 5.8 Spellcasting
 + Level 4.8 Conjurations
 + Level 4.8 Hexes
 + Level 4.8 Summonings
 + Level 4.8 Necromancy
 + Level 4.8 Translocations
 + Level 4.8 Transmutations
 + Level 4.8 Fire Magic
 + Level 4.8 Ice Magic
 + Level 4.8 Air Magic
 + Level 4.8 Earth Magic
 + Level 4.8 Poison Magic
 + Level 6.3 Invocations
 + Level 5.8 Evocations


You had 21 spell levels left.
You didn't know any spells.
Your spell library contained the following spells:

 Spells                   Type           Power      Damage    Failure   Level
 Static Discharge         Conj/Air       30%        N/A       8%          2
 Sublimation of Blood     Necr           15%        N/A       8%          2
 Wereblood                Tmut           30%        N/A       8%          2
 Gell's Gravitas          Tloc           15%        N/A       16%         3
 Lesser Beckoning         Tloc           15%        N/A       16%         3
 Summon Guardian Golem    Hex/Summ       30%        N/A       16%         3
 Teleport Other           Tloc           30%        N/A       16%         3
 Lightning Bolt           Conj/Air       15%        1d29      82%         5
 Orb of Destruction       Conj           15%        9d7       100%        7
 Spellforged Servitor     Conj/Summ      15%        N/A       100%        7
 Summon Hydra             Summ           15%        N/A       100%        7
 Maxwell's Capacitive Co  Air            15%        ∞         100%        8


Dungeon Overview and Level Annotations

Branches:
Dungeon (9/15)             Temple (1/1) D:6
   Lair: D:8-11         Orc: D:9-12

Altars:
Ashenzari
Cheibriados
Dithmenos
Elyvilon
Fedhas
Gozag
Hepliaklqana
Kikubaaqudgha
Makhleb
Nemelex Xobeh
Okawaru
Qazlal
Ru
Sif Muna
Trog
Uskayaw
Vehumet
Wu Jian
Xom
Yredelemnul
Zin
The Shining One

Shops:
D:7 ?

Annotations:
D:4 3 runed translucent doors, r3algoood's ghost, amateur DgCj


Innate Abilities, Weirdness & Mutations

You have very sharp teeth.
Your uncanny sense of smell can sniff out nearby items.
Your experience applies equally to all skills.


Message History

You hear some strange, mumbled words.
Something tries to affect you, but you resist.
You bump into the rock wall.
You hear some strange, mumbled words.
Something tries to affect you, but you resist.
You bump into the rock wall.
Something hits you. Something bites you.
Something draws strength from your injuries!
You bump into the rock wall.
Something hits you. Something bites you.
Something draws strength from your injuries!
Something hits you! Something bites you but does no damage. Something hits you.
Something bites you.
Something draws strength from your injuries!
You miss something. Your bite misses something.
You feel less confused. Something hits you but does no damage.
Something bites you but does no damage.
You sock something! Something draws life force from you!
You miss something. You bite something. Something hits you.
You block something's attack.
You sock something! Something draws life force from you!
* * * LOW HITPOINT WARNING * * *
You hit something but do no damage. Something barely misses you.
Something bites you but does no damage.
You closely miss something. Something hits you.
* * * LOW HITPOINT WARNING * * *
Something bites you!
* * * LOW HITPOINT WARNING * * *
Something draws strength from your injuries!
You feel better. Something draws life force from you!
* * * LOW HITPOINT WARNING * * *
Okay, then.
As you read the scroll of fog, it crumbles to dust.
The scroll dissolves into smoke.
You hear some strange, mumbled words.
You are confused.
You hit something but do no damage. Something hits you but does no damage.
Something bites you.
* * * LOW HITPOINT WARNING * * *
Something draws strength from your injuries!
Something hits you!
You die...

##.# #.........
##########'## #.........
#...........# #.........
#...........####.........
#...........'.##.........
#........>..#.÷#.........
#...........##<'.........
###'############.........
#...§§@§# ##########
#######{# #§# .........#
.........# .........#
..{......+ .........#
.........#


There were no monsters in sight!

Vanquished Creatures
  A two-headed ogre (D:9)
  A cyclops (D:8)
  A hornet (D:8)
  Prince Ribbit (D:5)
  2 wyverns
  7 yaks
  A water moccasin (D:8)
  An ice beast (D:5)
  A hornet zombie (D:8)
  6 orc warriors
  2 black bears
  2 ogres
  A centaur (D:9)
  3 phantoms
  2 bullfrogs
  11 scorpions
  A water moccasin zombie (D:5)
  A water moccasin skeleton (D:4)
  3 wights
  10 killer bees
  2 howler monkeys (D:9)
  3 hounds
  Crazy Yiuf (D:2)
  5 orc priests
  Jessica (D:3)
  3 iguanas
  Terence (D:2)
  8 orc wizards
  A killer bee zombie (D:8)
  A hound skeleton (D:5)
  A mummy (D:8)
  8 adders
  A shadow imp (D:7)
  A white imp (D:6)
  2 worms
  25 orcs
  12 endoplasms
  6 giant cockroaches
  10 goblins
  7 hobgoblins
  3 kobolds
  4 quokkas
  11 ball pythons
  2 bats
  2 frilled lizards
  A hobgoblin zombie (D:8)
  A kobold zombie (D:8)
  3 rats
184 creatures vanquished.

Vanquished Creatures (others)
  16 plants
16 creatures vanquished.

Grand Total: 200 creatures vanquished

Notes
Turn   | Place    | Note
-------+----------+-------------------------------------------
     0 | D:1      | Rickety the Gnoll Fighter began the quest for the Orb.
     0 | D:1      | Reached XP level 1. HP: 23/23 MP: 1/1
   180 | D:1      | Reached XP level 2. HP: 29/29 MP: 2/2
   728 | D:1      | Reached XP level 3. HP: 27/35 MP: 3/3
   887 | D:2      | Reached skill level 1 in Invocations
   936 | D:2      | Noticed Terence
   944 | D:2      | Killed Terence
   945 | D:2      | Reached skill level 1 in Short Blades
   945 | D:2      | Reached skill level 1 in Long Blades
   945 | D:2      | Reached skill level 1 in Axes
   945 | D:2      | Reached skill level 1 in Polearms
   945 | D:2      | Reached skill level 1 in Staves
   945 | D:2      | Reached skill level 1 in Slings
   945 | D:2      | Reached skill level 1 in Bows
   945 | D:2      | Reached skill level 1 in Crossbows
   945 | D:2      | Reached skill level 1 in Throwing
   945 | D:2      | Reached skill level 1 in Dodging
   945 | D:2      | Reached skill level 1 in Stealth
   945 | D:2      | Reached skill level 1 in Unarmed Combat
   945 | D:2      | Reached skill level 1 in Spellcasting
   945 | D:2      | Reached skill level 1 in Evocations
   945 | D:2      | Reached XP level 4. HP: 31/41 MP: 5/5
  1102 | D:2      | Found a runed translucent door.
  1103 | D:2      | Noticed Crazy Yiuf
  1223 | D:2      | Found a faded altar of an unknown god.
  1429 | D:2      | Reached skill level 1 in Conjurations
  1429 | D:2      | Reached skill level 1 in Hexes
  1429 | D:2      | Reached skill level 1 in Summonings
  1429 | D:2      | Reached skill level 1 in Necromancy
  1429 | D:2      | Reached skill level 1 in Translocations
  1429 | D:2      | Reached skill level 1 in Transmutations
  1429 | D:2      | Reached skill level 1 in Fire Magic
  1429 | D:2      | Reached skill level 1 in Ice Magic
  1429 | D:2      | Reached skill level 1 in Air Magic
  1429 | D:2      | Reached skill level 1 in Earth Magic
  1429 | D:2      | Reached skill level 1 in Poison Magic
  1662 | D:2      | Killed Crazy Yiuf
  1663 | D:2      | Reached XP level 5. HP: 22/47 MP: 5/7
  2518 | D:3      | Noticed Jessica
  2537 | D:3      | Killed Jessica
  2884 | D:3      | Reached XP level 6. HP: 53/53 MP: 8/8
  2905 | D:4      | Found a runed translucent gate.
  2905 | D:4      | Found a runed translucent gate.
  2905 | D:4      | Found a runed translucent gate.
  2910 | D:4      | Noticed r3algoood's ghost (amateur DgCj)
  3132 | D:4      | Found a shimmering blue altar of Sif Muna.
  3169 | D:4      | Reached skill level 5 in Maces & Flails
  3340 | D:4      | Found a glowing golden altar of the Shining One.
  3406 | D:4      | Found a bloodstained altar of Trog.
  3438 | D:4      | Reached XP level 7. HP: 47/59 MP: 10/10
  3699 | D:4      | Found a shadowy altar of Dithmenos.
  3752 | D:4      | Found a sparkling altar of Nemelex Xobeh.
  3769 | D:5      | Entered Level 5 of the Dungeon
  4177 | D:5      | Noticed Prince Ribbit
  4210 | D:5      | Killed Prince Ribbit
  4211 | D:5      | Reached XP level 8. HP: 52/67 MP: 12/12
  4973 | D:6      | Found a staircase to the Ecumenical Temple.
  5005 | Temple   | Entered the Ecumenical Temple
  5015 | Temple   | Became a worshipper of Cheibriados the Contemplative
  5731 | D:7      | Found a stormy altar of Qazlal.
  5735 | D:7      | Reached XP level 9. HP: 71/73 MP: 14/14
  6285 | D:7      | Found a runed translucent door.
  6287 | D:7      | Found a runed translucent door.
  6679 | D:6      | Reached * piety under Cheibriados
  6881 | D:7      | Identified the +9 mace of Makhleb {vorpal, +Blink rF+ Int+2
                  | Stlth-}
  6983 | D:7      | Found Quex's Magic Scroll Shop.
  6990 | D:7      | Bought a scroll of identify for 26 gold pieces
  6990 | D:7      | Bought 2 scrolls of identify for 52 gold pieces
  6990 | D:7      | Bought a scroll of identify for 26 gold pieces
  6990 | D:7      | Bought a scroll of identify for 26 gold pieces
  6990 | D:7      | Bought a scroll of identify for 26 gold pieces
  7273 | D:8      | Reached skill level 5 in Invocations
  7715 | D:8      | Noticed a cyclops
  7723 | D:8      | Killed a cyclops
  7724 | D:8      | Reached XP level 10. HP: 78/80 MP: 17/17
  7784 | D:8      | Reached ** piety under Cheibriados
  7789 | D:8      | Reached skill level 5 in Short Blades
  7789 | D:8      | Reached skill level 5 in Long Blades
  7789 | D:8      | Reached skill level 5 in Axes
  7789 | D:8      | Reached skill level 5 in Polearms
  7789 | D:8      | Reached skill level 5 in Staves
  7789 | D:8      | Reached skill level 5 in Slings
  7789 | D:8      | Reached skill level 5 in Bows
  7789 | D:8      | Reached skill level 5 in Crossbows
  7789 | D:8      | Reached skill level 5 in Throwing
  7789 | D:8      | Reached skill level 5 in Dodging
  7789 | D:8      | Reached skill level 5 in Stealth
  7789 | D:8      | Reached skill level 5 in Unarmed Combat
  7789 | D:8      | Reached skill level 5 in Spellcasting
  7789 | D:8      | Reached skill level 5 in Evocations
  8195 | D:8      | Paralysed by a hornet for 3 turns
  8201 | D:8      | Paralysed by a hornet for 1 turns
  9485 | D:9      | Reached *** piety under Cheibriados
  9589 | D:9      | Noticed a two-headed ogre
  9602 | D:9      | Killed a two-headed ogre
  9831 | D:9      | Reached XP level 11. HP: 43/87 MP: 19/19
 10063 | D:9      | Slain by a vampire

Illustrated notes

Levels and vault maps discovered:
D:1:      roderic_crop_circles_arrival_small, layout_rooms,
          minmay_curled_crystal
D:2:      wad_lake_hut, layout_rooms, hellmonk_ecumenical_altar_arch_garden,
          uniq_terence, uniq_crazy_yiuf_cottage
D:3:      layout_rooms, uniq_jessica
D:4:      layout_basic, mainiacjoe_overflow_swirl,
          nicolae_sif_muna_condensation, mainiacjoe_overflow_big_doors,
          gammafunk_ghost_necromancy
D:5:      wander_river, layout_rooms, dk_noncrumbling_2, uniq_prince_ribbit1
D:6:      layout_gridville, minmay_temple_entry_crystal_x
D:7:      lemuel_insect_pit, layout_rooms, nicolae_qazlal_scattered_showers,
          serial_shops, shop
D:8:      layout_basic, nicolae_ossuary_entry_giza, enter_bailey_1,
          minmay_misc_feat_hallway, grunt_decor_cap
D:9:      layout_roguey
Temple:   eino_temple_rhombus

Skill      XL: |  1  2  3  4  5  6  7  8  9 10 |
---------------+-------------------------------+-----
Invocations    | 1 2 3 4 5 6 |  6.3
Short Blades   | 1 2 3 4 5 |  5.8
Long Blades    | 1 2 3 4 5 |  5.8
Axes           | 1 2 3 4 5 |  5.8
Polearms       | 1 2 3 4 5 |  5.8
Staves         | 1 2 3 4 5 |  5.8
Slings         | 1 2 3 4 5 |  5.8
Bows           | 1 2 3 4 5 |  5.8
Crossbows      | 1 2 3 4 5 |  5.8
Throwing       | 1 2 3 4 5 |  5.8
Dodging        | 1 2 3 4 5 |  5.8
Stealth        | 1 2 3 4 5 |  5.8
Unarmed Combat | 1 2 3 4 5 |  5.8
Spellcasting   | 1 2 3 4 5 |  5.8
Evocations     | 1 2 3 4 5 |  5.8
Conjurations   | 1 2 3 4 |  4.8
Hexes          | 1 2 3 4 |  4.8
Summonings     | 1 2 3 4 |  4.8
Necromancy     | 1 2 3 4 |  4.8
Translocations | 1 2 3 4 |  4.8
Transmutations | 1 2 3 4 |  4.8
Fire Magic     | 1 2 3 4 |  4.8
Ice Magic      | 1 2 3 4 |  4.8
Air Magic      | 1 2 3 4 |  4.8
Earth Magic    | 1 2 3 4 |  4.8
Poison Magic   | 1 2 3 4 |  4.8
Maces & Flails | 5 6 7 |  7.5
Fighting       | 7 8 |  8.8
Armour         | 7 8 |  8.8
Shields        | 7 8 |  8.8

Action                   |  1- 3 |  4- 6 |  7- 9 | 10-12 || total
-------------------------+-------+-------+-------+-------++-------
Melee: Flail             |    74 |       |       |       ||    74
       Bite              |     6 |    10 |    27 |    26 ||    69
       Morningstar       |    17 |   166 |   197 |       ||   380
       Mace              |       |       |    68 |   164 ||   232
Throw: Dart              |       |     1 |       |       ||     1
  Use: Scroll            |       |       |    14 |     3 ||    17
       Potion            |       |       |     3 |     2 ||     5
Armor: Scale mail        |    40 |    53 |    96 |    33 ||   222
Dodge: Dodged            |    25 |    45 |    99 |    49 ||   218
Block: Kite shield       |    54 |   117 |   241 |   159 ||   571
       Reflection        |       |       |     3 |     3 ||     6
